 Dungeon Crawl Stone Soup version 0.30-a0-424-g7412bad402 (webtiles) character file.

Game seed: 13391343561551802917

10141 funkygono the Thaumaturge (level 11, -4/70 HPs)
             Began as a Demonspawn Fire Elementalist on Dec 8, 2022.
             Was an Elder of Vehumet.
             Slain by a cyclops (22 damage)
             ... on level 11 of the Dungeon on Dec 9, 2022.
             The game lasted 00:25:12 (12391 turns).

funkygono the Thaumaturge (DsFE)                   Turns: 12391, Time: 00:25:13

Health: -4/70      AC: 16    Str:  8    XL:     11   Next: 32%
Magic:  4/25       EV: 28    Int: 22    God:    Vehumet [****..]
Gold:   789        SH:  4    Dex: 13    Spells: 13/30 levels left

rFire   x . .      SeeInvis +    k - +4 mace (protect)
rCold   + . .      Faith    .    (no shield)
rNeg    . . .      Spirit   .    K - +2 steam dragon scales
rPois   .          Reflect  .    (helmet restricted)
rElec   .          Harm     .    (no cloak)
rCorr   +          Rampage  .    B - +1 pair of gloves
Will    .....                    c - +1 pair of boots
Stlth   ++........               o - amulet of the acrobat
HPRegen 0.31/turn                e - ring of see invisible
MPRegen 0.19/turn                d - ring of Issysun {Ice rCorr}

@: acrobatic
A: horns 2, icemail 1, sharp scales 1, condensation shield, demonic magic 2
a: Renounce Religion


You were on level 11 of the Dungeon.
You worshipped Vehumet.
Vehumet was greatly pleased with you.
You visited 2 branches of the dungeon, and saw 12 of its levels.

You collected 789 gold pieces.

Inventory:

Hand Weapons
 a - a +4 mace of freezing
 k - a +4 mace of protection (weapon)
 p - a +0 whip of protection
 s - a +1 mace of draining
 t - a +3 mace of freezing
 x - a +0 whip of flaming
 D - a +3 long sword of chaos
Armour
 c - a +1 pair of boots (worn)
 y - the +0 ring mail "Piguf" {rElec rC+ Int+3 Stlth-}
   (You took it off a goblin on level 4 of the Dungeon)

   Int:       It affects your intelligence (+3).
   rC:        It protects you from cold.
   rElec:     It insulates you from electricity.
   Stlth:     It makes you less stealthy.
 B - a +1 pair of gloves (worn)
 C - a +1 robe of resistance
 F - a +2 robe of willpower
 K - +2 steam dragon scales (worn)
Magical Staves
 f - a staff of poison
 m - a staff of cold
 L - a staff of air
Jewellery
 d - the ring of Issysun (right hand) {Ice rCorr}
   (You found it on level 5 of the Dungeon)

   [ring of ice]

   It enhances your ice magic.
   rF:        It makes you vulnerable to fire.
   rC:        It protects you from cold.
   rCorr:     It protects you from acid and corrosion.
 e - a ring of see invisible (left hand)
 o - an amulet of the acrobat (around neck)
Wands
 u - a wand of roots (7)
 v - a wand of charming (17)
 E - a wand of mindburst (6)
 G - a wand of quicksilver (8)
 H - a wand of digging (5)
Scrolls
 g - 4 scrolls of fear
 w - 4 scrolls of teleportation
 I - a scroll of poison
 M - a scroll of amnesia
 O - a scroll of enchant armour
Potions
 b - a potion of magic
 h - a potion of flight
 i - a potion of might
 j - 4 potions of brilliance
 l - 6 potions of curing
 n - 2 potions of haste
 q - a potion of cancellation
 r - 4 potions of invisibility
 z - 2 potions of attraction
 A - 2 potions of berserk rage
 J - 2 potions of lignification
 N - a potion of mutation {unknown}


   Skills:
 + Level 1.3 Fighting
 + Level 3.4 Maces & Flails
 + Level 4.0 Dodging
 - Level 1.7 Stealth
 + Level 0.5 Shields
 + Level 10.2 Spellcasting
 + Level 7.5 Conjurations
 + Level 10.1 Fire Magic


You had 13 spell levels left.
You knew the following spells:

 Your Spells              Type           Power      Damage    Failure   Level
a - Foxfire               Conj/Fire      100%       2x1d9     1%          1
b - Scorch                Fire           100%       2d10      1%          2
c - Kindle Blastsparks    Fire/Tloc/Air  52%        2d14      1%          3
d - Flame Wave            Conj/Fire      50%        2d12      1%          4
e - Stone Arrow           Conj/Erth      54%        3d10      1%          3
f - Sticky Flame          Conj/Fire      50%        2d7       1%          4

Your spell library contained the following spells:

 Spells                   Type           Power      Damage    Failure   Level
 Kiss of Death            Conj/Necr      100%       2d13      1%          1
 Inner Flame              Hex/Fire       33%        N/A       1%          3
 Fulminant Prism          Conj/Hex       13%        3d9       3%          4
 Iskenderun's Mystic Bla  Conj/Tloc      27%        2d7       3%          4
 Beastly Appendage        Tmut           22%        N/A       6%          1
 Wereblood                Tmut           11%        N/A       9%          2
 Confusing Touch          Hex            11%        N/A       19%         3
 Spider Form              Tmut/Pois      11%        N/A       19%         3
 Lee's Rapid Deconstruct  Erth           5%         3d6*      38%         5
 Animate Armour           Summ/Erth      22%        N/A       52%         4
 Dispel Undead            Necr           11%        3d9       52%         4
 Manifold Assault         Tloc           11%        N/A       52%         4
 Dispersal                Tloc           5%         N/A       100%        6
 Disjunction              Tloc           5%         N/A       100%        8
 Lehudib's Crystal Spear  Conj/Erth      13%        10d5      100%        8


Dungeon Overview and Level Annotations

Branches:
Dungeon (11/15)            Temple (1/1) D:4            Lair (0/5) D:10
    Orc (0/2) D:10

Altars:
Ashenzari
Cheibriados
Dithmenos
Fedhas
Gozag
Hepliaklqana
Makhleb
Nemelex Xobeh
Okawaru
Qazlal
Ru
Sif Muna
Trog
Uskayaw
Vehumet
Wu Jian
Xom
Yredelemnul

Shops:
D:9 [   D:11 (

Annotations:
D:3 3 runed translucent doors, Xtruder99's ghost, amateur OpTm


Innate Abilities, Weirdness & Mutations

You have a pair of horns on your head.
A meltable icy envelope protects you from harm. (AC +4)
You are partially covered in razor-sharp scales. (AC +1, Slay +1)
A meltable shield of frost defends you. (SH +4)
Spells you cast may paralyse nearby enemies.


Message History

Confirm with . or Enter, or press ? or * to list all spells.
You conjure some foxfire!
Malevolent energies surge around you. The manticore bites you!
The manticore closely misses you. The manticore barely misses you.
Casting: Foxfire (safe; 1% risk of failure)
Confirm with . or Enter, or press ? or * to list all spells.
Flames lash the manticore.
The manticore is burned terribly!
You kill the manticore!
Vehumet accepts your kill. Malevolent energies surge around you.
The cyclops suddenly stops moving!
The foxfire hits the cyclops but does no damage.
The foxfire hits the cyclops.
The cyclops is lightly wounded.
A wraith comes into view.
Casting: Scorch (safe; 1% risk of failure)
Confirm with . or Enter, or press ? or * to list all spells.
Casting: Flame Wave (safe; 1% risk of failure)
Press: ? - help, Dir - look around, f - activate A wave of flame ripples out!
The flame wave engulfs the cyclops!
The cyclops is moderately wounded.
The flame wave engulfs the wraith!
The wraith is heavily damaged. (Press . to intensify the flame waves.) Malevolent energies surge around you.
You hear an angry buzzing noise.
The cyclops is no longer paralysed.
The wraith hits you.
A wave of flame ripples out!
The flame wave engulfs the cyclops!
The cyclops is heavily wounded.
The flame wave engulfs the wraith!
The wraith is severely damaged.
You hear an angry buzzing noise.
The cyclops hits you!!
* * * LOW HITPOINT WARNING * * *
The wraith misses you.
A wave of flame ripples out!
The flame wave engulfs the cyclops.
The cyclops is heavily wounded.
The flame wave engulfs the wraith!
The wraith is almost destroyed.
The cyclops hits you!!
You die...

#.# ## #.# .#
## ##.# #. ..
##... #.####.
##.... .....
###..... †..#
........ #CW#
###..... ##@##
##....
#####...###
#.###...
......#...#
#.# ##.#
######...###
#.# #.#
.........###.#
#.# #.#
.......#.....#
#.# #.#
####....#####
#.# #.# #.#.##
#.# #.# #.#.#
#∩# #.#


You could see a cyclops and a wraith.

Vanquished Creatures
  A two-headed ogre (D:10)
  Lodul (D:10)
  Pikel (D:7)
  A manticore (D:11)
  Maggie (D:10)
  A rime drake (D:10)
  A hornet (D:9)
  2 wyverns (D:8)
  A vampire (D:11)
  A shadow (D:10)
  A steam dragon (D:8)
  Grum (D:10)
  6 yaks
  An acid dragon (D:10)
  4 water moccasins
  3 orc warriors
  2 black bears (D:7)
  3 ice beasts (D:10)
  A sky beast (D:7)
  5 wolves (D:10)
  10 ogres
  3 centaurs
  A lemure (D:7)
  5 kobold brigands
  A scorpion (D:5)
  3 necrophages
  17 wights
  An electric eel (D:6)
  9 howler monkeys
  5 hounds
  5 orc priests
  3 jellies
  3 iguanas
  11 orc wizards
  7 adders
  4 gnolls (D:5)
  A river rat (D:3)
  A shadow imp (D:6)
  2 white imps
  An ufetubus (D:6)
  2 worms
  4 dart slugs
  36 orcs
  9 ball pythons
  7 bats
  4 endoplasms
  4 giant cockroaches
  6 hobgoblins
  8 jackals
  35 kobolds
  3 quokkas
  2 frilled lizards
  6 goblins
  9 rats
266 creatures vanquished.

Vanquished Creatures (collateral kills)
  A foxfire (D:6)
1 creature vanquished.

Vanquished Creatures (others)
  5 demonic plants (D:6)
  784 foxfires
  2 fungi (D:3)
  5 plants
  2 withered plants (D:11)
798 creatures vanquished.

Grand Total: 1065 creatures vanquished

Notes
Turn   | Place    | Note
-------+----------+-------------------------------------------
     0 | D:1      | funkygono the Demonspawn Fire Elementalist began the quest
                  | for the Orb.
     0 | D:1      | Reached XP level 1. HP: 13/13 MP: 3/3
     0 | D:1      | Upgraded the game from 0.30-a0-422-g946f4849ff to
                  | 0.30-a0-424-g7412bad402
   200 | D:1      | Gained mutation: A meltable shield of frost defends you.
                  | (SH +4) [demonic ancestry]
   200 | D:1      | Reached XP level 2. HP: 19/19 MP: 1/5
   203 | D:1      | Learned a level 2 spell: Scorch
  1035 | D:1      | Reached XP level 3. HP: 24/24 MP: 2/6
  1039 | D:1      | Learned a level 3 spell: Kindle Blastsparks
  1959 | D:2      | Reached XP level 4. HP: 30/30 MP: 4/7
  2787 | D:3      | Found a runed translucent gate.
  2788 | D:3      | Found a runed translucent gate.
  2792 | D:3      | Found a runed translucent gate.
  2795 | D:3      | Noticed Xtruder99's ghost (amateur OpTm)
  2796 | D:3      | Noticed a kobold brigand
  2946 | D:3      | Found a faded altar of an unknown god.
  3104 | D:3      | Gained mutation: You have a pair of small horns on your
                  | head. [demonic ancestry]
  3104 | D:3      | Reached XP level 5. HP: 35/35 MP: 1/9
  3855 | D:4      | Reached skill level 1 in Maces & Flails
  3857 | D:4      | Noticed an ogre
  3859 | D:4      | Gained mutation: You have a pair of horns on your head.
                  | [demonic ancestry]
  3859 | D:4      | Reached XP level 6. HP: 42/42 MP: 3/10
  4133 | D:4      | Identified the +0 ring mail "Piguf" {rElec rC+ Int+3
                  | Stlth-}
  4336 | D:4      | Found an iron altar of Okawaru.
  4337 | D:4      | Found a sacrificial altar of Ru.
  4499 | D:4      | Found a staircase to the Ecumenical Temple.
  4508 | Temple   | Entered the Ecumenical Temple
  4561 | Temple   | Became a worshipper of Vehumet
  4828 | D:4      | Learned a level 4 spell: Flame Wave
  4898 | D:5      | Entered Level 5 of the Dungeon
  4902 | D:5      | Reached skill level 5 in Fire Magic
  5088 | D:5      | Identified the ring of Issysun {Ice rCorr}
  5162 | D:5      | Gained mutation: Spells you cast may paralyse adjacent
                  | enemies. [demonic ancestry]
  5162 | D:5      | Reached XP level 7. HP: 44/47 MP: 3/13
  6309 | D:6      | Reached skill level 5 in Spellcasting
  6323 | D:5      | Gained mutation: A meltable icy envelope protects you from
                  | harm. (AC +4) [demonic ancestry]
  6323 | D:5      | Reached XP level 8. HP: 48/53 MP: 0/15
  6559 | D:6      | Reached * piety under Vehumet
  6559 | D:6      | Offered knowledge of Shock by Vehumet.
  7167 | D:6      | Found a shimmering altar of Xom.
  7169 | D:6      | Found a hazy altar of Hepliaklqana.
  7172 | D:6      | Found a hide-covered altar of Uskayaw.
  7497 | D:7      | Reached skill level 5 in Conjurations
  7641 | D:7      | Gained mutation: You are partially covered in razor-sharp
                  | scales. (AC +1, Slay +1) [demonic ancestry]
  7641 | D:7      | Reached XP level 9. HP: 13/54 MP: 1/18
  7859 | D:7      | Reached ** piety under Vehumet
  7859 | D:7      | Offered knowledge of Momentum Strike by Vehumet.
  7886 | D:7      | Reached skill level 1 in Fighting
  8234 | D:7      | Noticed Pikel
  8252 | D:7      | Killed Pikel
  8467 | D:7      | Found an ornate altar of the Wu Jian Council.
  8957 | D:8      | Offered knowledge of Frozen Ramparts by Vehumet.
  9113 | D:8      | Gained mutation: Spells you cast may paralyse nearby
                  | enemies. [demonic ancestry]
  9113 | D:8      | Reached XP level 10. HP: 42/65 MP: 8/22
  9705 | D:9      | Reached *** piety under Vehumet
  9782 | D:9      | Found Onelytt's Antique Armour Emporium.
  9916 | D:9      | Found a sparkling altar of Nemelex Xobeh.
 10375 | D:9      | Identified the ring of Ignis's Benevolence {rPois rC+}
 10597 | D:9      | Learned a level 3 spell: Stone Arrow
 10634 | D:10     | Entered Level 10 of the Dungeon
 10634 | D:10     | Noticed a two-headed ogre
 10642 | D:10     | Killed a two-headed ogre
 10731 | D:10     | Found a staircase to the Lair.
 10734 | D:10     | Offered knowledge of Mephitic Cloud by Vehumet.
 10948 | D:10     | Noticed Maggie
 10962 | D:10     | Killed Maggie
 11086 | D:10     | Noticed Grum
 11093 | D:10     | Killed Grum
 11204 | D:10     | Reached XP level 11. HP: 70/70 MP: 9/24
 11205 | D:10     | Noticed Lodul
 11378 | D:10     | Killed Lodul
 11379 | D:10     | Reached skill level 10 in Spellcasting
 11379 | D:10     | Reached skill level 10 in Fire Magic
 11460 | D:10     | Identified the +4 war axe of Waodyo {freeze, rPois rC-
                  | Dex+9}
 11521 | D:10     | Reached **** piety under Vehumet
 11717 | D:10     | Offered knowledge of Sticky Flame by Vehumet.
 11811 | D:10     | Found a staircase to the Orcish Mines.
 12193 | D:10     | Learned a level 4 spell: Sticky Flame
 12253 | D:11     | Found Erac's Antique Weapon Shoppe.
 12391 | D:11     | Slain by a cyclops

Illustrated notes

Levels and vault maps discovered:
D:1:      tekkud_arrival_beachfront_property, layout_basic, feat_on_display
D:2:      layout_loops_cross, grunt_decor_cap, minmay_tree_intersection
D:3:      layout_loops_ring, hellmonk_ecumenical_altar_heavens_door,
          portal_sewer_entry_e, gammafunk_ghost_nasty_kobolds
D:4:      layout_loops_cross, gammafunk_temple_overflow_statue, temple_hall,
          skrybe_limestone_x
D:5:      layout_basic
D:6:      layout_cave_pools, minitemple, serial_demonic, serial_demonic_c,
          serial_demonic_g, serial_demonic_g, serial_demonic_c,
          nicolae_kite_square_tiling_tiny
D:7:      layout_loops_ring, nicolae_overflow_hidden_temple, uniq_pikel
D:8:      layout_rooms
D:9:      layout_loops_ring, nemelex_spade_bored_becter, serial_shops,
          nicolae_shop_overgrown_old_shop, kennysheep_island_fort
D:10:     layout_basic, hellmonk_lair_entry_icy, orc_0_dummy, uniq_grum,
          uniq_lodul, uniq_maggie
D:11:     layout_loops_ring, gammafunk_ghost_grave, serial_shops, shop,
          nicolae_shop_crystal
Temple:   hellmonk_temple_forest_ring

Skill      XL: |  1  2  3  4  5  6  7  8  9 10 11 |
---------------+----------------------------------+-----
Fire Magic     | 3 4 5 7 8 9 10 | 10.1
Dodging        | 2 3 4 |  4.0
Spellcasting   | 3 4 5 6 8 9 10 | 10.2
Conjurations   | 2 3 5 6 7 |  7.5
Maces & Flails | 1 2 3 |  3.4
Fighting       | 1 |  1.3
Stealth        | |  1.7
Shields        | |  0.5

Action                   |  1- 3 |  4- 6 |  7- 9 | 10-12 || total
-------------------------+-------+-------+-------+-------++-------
Melee: Unarmed           |    20 |       |       |       ||    20
       Punch             |     1 |       |       |       ||     1
       Mace              |    16 |    25 |    31 |    22 ||    94
       Headbutt          |       |     3 |     7 |     5 ||    15
 Cast: Foxfire           |    65 |    88 |   186 |   120 ||   459
       Scorch            |    11 |    15 |    39 |    58 ||   123
       Flame Wave        |       |       |     8 |    12 ||    20
  Use: Scroll            |       |    12 |     9 |     6 ||    27
       Potion            |       |       |     1 |       ||     1
 Stab: Paralysed         |       |       |     6 |     4 ||    10
Armor: Robe              |    16 |     4 |    19 |    13 ||    52
       Steam dragon scal |       |       |       |     7 ||     7
Dodge: Dodged            |    49 |    33 |    49 |    50 ||   181
Block: Other             |     9 |     9 |    10 |     8 ||    36

Table legend: (Time is in decaauts)
 A = Elapsed time spent in this place.
 B = Non-inter-level travel time spent in this place.
 C = Inter-level travel time spent in this place.
 D = Time resting spent in this place.
 E = Time spent auto-exploring this place.
 F = Levels seen in this place.
 G = Mean time per level.
                   A        B        C        D        E       F      G
               +--------+--------+--------+--------+--------+-----+--------+
         Total |  12432 |  12065 |    367 |    992 |   8621 |  12 | 1036.0 |
       Dungeon |  12294 |  11935 |    359 |    992 |   8507 |  11 | 1117.6 |
        Temple |    137 |    130 |      7 |      0 |    114 |   1 |  137.0 |
               +--------+--------+--------+--------+--------+-----+--------+

Top non-repeatable levels by time:
     D:7: 1504 daAuts
     D:5: 1397 daAuts
     D:1: 1302 daAuts
    D:10: 1282 daAuts
     D:9: 1231 daAuts
     D:4: 1213 daAuts
     D:3: 1161 daAuts
     D:6: 1140 daAuts
     D:2: 1099 daAuts
     D:8: 773 daAuts
    D:11: 188 daAuts
  Temple: 137 daAuts
